 Dungeon Crawl Stone Soup version 0.22.0 (webtiles) character file.

37 Matezma the Skirmisher (level 3, -1/35 HPs)
             Began as a Gnoll Wanderer on Nov 1, 2018.
             Slain by Terence
             ... wielding a +0 mace
              (5 damage)
             ... on level 2 of the Dungeon.
             The game lasted 00:05:08 (1398 turns).

Matezma the Skirmisher (Gnoll Wanderer)             Turns: 1398, Time: 00:05:09

Health: -1/35      AC:  3    Str: 14    XL:     3   Next: 41%
Magic:  6/6        EV: 13    Int: 14    God:
Gold:   66         SH:  0    Dex: 15    Spells: 3/3 levels left

rFire    . . .     SeeInvis .   a - +2 dagger
rCold    . . .     Gourm    .   (no shield)
rNeg     . . .     Faith    .   e - +0 robe
rPois    .         Spirit   .   (no helmet)
rElec    .         Reflect  .   k - +0 cloak
rCorr    .         Harm     .   (no gloves)
MR       .....                  (no boots)
Stlth    +++.......             (no amulet)
HPRegen  0.11/turn              (no ring)
MPRegen  0.10/turn              (no ring)

@: no status effects
A: distributed training, fangs 1, strong nose
a: no special abilities


You were on level 2 of the Dungeon.
You were hungry.

You visited 1 branch of the dungeon, and saw 2 of its levels.

You collected 66 gold pieces.

Inventory:

Hand Weapons
 a - a +2 dagger (weapon)
 c - a +0 quarterstaff
Armour
 e - a +0 robe (worn)
 k - a +0 cloak (worn)
 l - a +0 ring mail
 m - a +0 robe
Jewellery
 g - an uncursed amulet of magic regeneration {unknown}
Scrolls
 i - 2 scrolls of identify {unknown}
 j - a scroll of magic mapping {unknown}
 o - a scroll of amnesia {unknown}
Potions
 b - a potion of berserk rage
 d - a potion of curing
 n - a potion of heal wounds {unknown}
Comestibles
 f - 2 rations


   Skills:
 + Level 6.5 Fighting
 + Level 0.7 Short Blades
 + Level 2.6 Long Blades
 + Level 0.7 Axes
 + Level 0.7 Maces & Flails
 + Level 0.7 Polearms
 + Level 0.7 Staves
 + Level 0.7 Slings
 + Level 0.7 Bows
 + Level 0.7 Crossbows
 + Level 0.7 Throwing
 + Level 0.7 Armour
 + Level 2.6 Dodging
 + Level 6.0 Stealth
 + Level 0.7 Shields
 + Level 0.7 Unarmed Combat
 + Level 0.7 Spellcasting
 + Level 0.5 Conjurations
 + Level 0.5 Hexes
 + Level 0.5 Charms
 + Level 0.5 Summonings
 + Level 0.5 Necromancy
 + Level 0.5 Translocations
 + Level 0.5 Transmutations
 + Level 0.5 Fire Magic
 + Level 0.5 Ice Magic
 + Level 0.5 Air Magic
 + Level 0.5 Earth Magic
 + Level 0.5 Poison Magic
 + Level 0.9 Invocations
 + Level 4.5 Evocations


You had 3 spell levels left.
You didn't know any spells.
Your spell library was empty.

Dungeon Overview and Level Annotations

Branches:
Dungeon (2/15)

Altars:

Annotations:
D:2 Terence


Innate Abilities, Weirdness & Mutations

Your experience applies equally to all skills.
You have very sharp teeth.
Your uncanny sense of smell can sniff out nearby items.


Message History

Terence is almost dead.
Terence hits you with a mace.
You hit Terence but do no damage.
Terence is almost dead.
Terence hits you but does no damage.
You closely miss Terence.
Terence is almost dead.
Terence hits you with a mace.
* * * LOW HITPOINT WARNING * * *
You hit Terence but do no damage.
Terence is almost dead.
You hit Terence but do no damage.
Terence is almost dead.
Terence says, "Don't bother to defend, it's pointless."
Terence hits you with a mace!
* * * LOW HITPOINT WARNING * * *
You hit Terence but do no damage.
Terence is almost dead.
Terence hits you with a mace.
You die...

#.##>..##.# #.#
#..###..##
#....#....#
#.###.##∆##.##
####...#..#
#.#...#∆∆∆#...
#...#..#######...###
###.
∆...#........(##..##
##
###...#....!..##..#
# ##.##)####..##..##
## #. #.#
#.<###..### ###. #.
#.# #@.# ##...# #...
#.# #@.# ###.##
##.## ∆ #.#
#..######..#+#..##
..#
#<.............###
### #..######....###
# #.## ###### # #..
###


You could see Terence.

Vanquished Creatures
  An ooze (D:1)
  A dart slug (D:1)
  2 leopard geckos (D:1)
  2 ball pythons
  A giant cockroach (D:2)
  5 goblins
  4 hobgoblins
  2 jackals (D:1)
  2 bats (D:1)
  A frilled lizard (D:2)
  2 kobolds (D:1)
  3 rats
26 creatures vanquished.

Notes
Turn   | Place    | Note
-------+----------+-------------------------------------------
     0 | D:1      | Matezma the Gnoll Wanderer began the quest for the Orb.
     0 | D:1      | Matezma set off with: a +2 dagger, a potion of berserk rage, a +0 quarterstaff, a potion of curing, a +0 robe, a ration
     0 | D:1      | Reached XP level 1. HP: 23/23 MP: 3/3
    68 | D:1      | Reached XP level 2. HP: 29/29 MP: 5/5
   688 | D:1      | Reached XP level 3. HP: 32/35 MP: 6/6
  1369 | D:2      | Noticed Terence
  1398 | D:2      | Slain by Terence

Skill      XL: |  1  2  3 |
---------------+----------+-----
Stealth        | 6 |  6.0
Fighting       | |  6.5
Short Blades   | |  0.7
Long Blades    | |  2.6
Axes           | |  0.7
Maces & Flails | |  0.7
Polearms       | |  0.7
Staves         | |  0.7
Slings         | |  0.7
Bows           | |  0.7
Crossbows      | |  0.7
Throwing       | |  0.7
Armour         | |  0.7
Dodging        | |  2.6
Shields        | |  0.7
Unarmed Combat | |  0.7
Spellcasting   | |  0.7
Conjurations   | |  0.5
Hexes          | |  0.5
Charms         | |  0.5
Summonings     | |  0.5
Necromancy     | |  0.5
Translocations | |  0.5
Transmutations | |  0.5
Fire Magic     | |  0.5
Ice Magic      | |  0.5
Air Magic      | |  0.5
Earth Magic    | |  0.5
Poison Magic   | |  0.5
Invocations    | |  0.9
Evocations     | |  4.5

Action                   || total
-------------------------++-------
Melee: Dagger            ||    88
       Bite              ||    10
       Punch             ||     1
 Stab: Sleeping          ||    11
  Eat: Chunk             ||     1
Armor: Robe              ||     9
Dodge: Dodged            ||    50
